 Dungeon Crawl Stone Soup version 0.30-a0-137-gd8773701ce (webtiles) character file.

Game seed: 7829695264625514053

266 billz999 the Digger (level 6, -8/32 HPs)
             Began as a Gargoyle Earth Elementalist on Sept 22, 2022.
             Mangled by Terence
             ... wielding a +2 vorpal falchion
              (9 damage)
             ... on level 3 of the Dungeon.
             The game lasted 00:06:53 (2294 turns).

billz999 the Digger (Gargoyle Earth Elementalist)   Turns: 2294, Time: 00:06:53

Health: -8/32      AC:  7    Str: 12    XL:     6   Next: 20%
Magic:  6/10       EV: 11    Int: 17    God:
Gold:   139        SH:  4    Dex: 10    Spells: 7/11 levels left

rFire   . . .      SeeInvis +    (no weapon)
rCold   . . .      Faith    .    (no shield)
rNeg    + . .      Spirit   .    a - +0 robe
rPois   ∞          Reflect  .    f - +0 helmet
rElec   +          Harm     .    (no cloak)
rCorr   .          Rampage  .    (no gloves)
Will    .....                    (no boots)
Stlth   ++........               (no amulet)
HPRegen 0.10/turn                i - ring of see invisible
MPRegen 0.12/turn                (no ring)

@: about to teleport
A: sickness immunity, AC +4, negative energy resistance 1, electricity
resistance, torment resistance 1, petrification resistance, large bone plates 1,
screaming 1, MP-powered wands
a: no special abilities


You were on level 3 of the Dungeon.
You visited 1 branch of the dungeon, and saw 3 of its levels.
You also visited: Sewer.

You collected 139 gold pieces.

Inventory:

Missiles
 m - 2 throwing nets
Armour
 a - a +0 robe (worn)
 f - a +0 helmet (worn)
 k - a +2 scale mail of fire resistance
Jewellery
 d - a ring of fire
 h - a +6 ring of intelligence
 i - a ring of see invisible (left hand)
Scrolls
 c - a scroll of fear {unknown}
 e - a scroll of enchant armour {unknown}
 n - a scroll of identify {unknown}
Potions
 b - a potion of flight


   Skills:
 - Level 1.5 Dodging
 - Level 2.1 Stealth
 + Level 3.3 Spellcasting
 * Level 2.6 Conjurations
 - Level 0.8 Transmutations
 * Level 6.5 Earth Magic


You had 7 spell levels left.
You knew the following spells:

 Your Spells              Type           Power      Damage    Failure   Level
a - Sandblast             Erth           48%        2d12      1%          1
b - Stone Arrow           Conj/Erth      36%        3d9       8%          3

Your spell library contained the following spells:

 Spells                   Type           Power      Damage    Failure   Level
 Passwall                 Tmut/Erth      12%        N/A       6%          2
 Petrify                  Tmut/Erth      15%        N/A       36%         4


Dungeon Overview and Level Annotations

Branches:
Dungeon (3/15)              Sewer (visited)

Altars:
Fedhas

Annotations:
D:3 Terence


Innate Abilities, Weirdness & Mutations

You are immune to sickness and miasma.
Your stone body is resilient. (AC +4)
You are immune to poison.
You resist negative energy. (rN+)
You are resistant to electric shocks. (rElec)
You are resistant to unholy torment.
You are immune to petrification.
You are partially covered in large bone plates. (SH +4)
You occasionally shout uncontrollably at your foes.
You expend magic power (3 MP) to strengthen your wands.


Message History

Terence is lightly wounded.
You block Terence's attack. Terence misses you.
You see here 5 stones.
Casting: Sandblast (safe; 1% risk of failure)
Confirm with . or Enter, or press ? or * to list all spells.
Aiming: Sandblast (safe; 1% risk of failure)
Press: ? - help, Shift-Dir - straight line, f/p - Terence
Aim: Terence, wielding a +2 vorpal falchion and wearing a +2 chain mail of fire resistance (lightly wounded, strong, 87% to hit)
The blast of sand hits Terence.
Terence is lightly wounded.
You block Terence's attack. The adder barely misses you.
Terence attacks as you move away!
Terence hits you with a +2 vorpal falchion!
Terence attacks as you move away! Terence closely misses you.
The adder closely misses you. Terence attacks as you move away!
Terence hits you with a +2 vorpal falchion!
Casting: Sandblast (safe; 1% risk of failure)
Confirm with . or Enter, or press ? or * to list all spells.
Aiming: Sandblast (safe; 1% risk of failure)
Press: ? - help, Shift-Dir - straight line, f - adder, p - Terence
Aim: an adder (72% to hit)
The blast of sand hits Terence but does no damage.
Terence is lightly wounded.
Terence closely misses you.
Terence asks, "Do you want it fast or slow?"
Terence hits you with a +2 vorpal falchion!
* * * LOW HITPOINT WARNING * * *
x2 It was a potion of resistance.
You feel protected. Terence barely misses you.
It was a potion of cancellation.
Your magical effects are unravelling.
You feel magically purged.
Your resistance to elements expires.
You block Terence's attack.
As you read the scroll labelled VONIFIO GIHEU, it crumbles to dust.
You feel strangely unstable.
It was a scroll of teleportation.
Terence hits you with a +2 vorpal falchion!
You die...

#..........########.#.#.#
#...................#.#.#
#...................#.#.#
#.......(...........#.#.#
################....#.#.#####
####.##.#.#.....#
#....##.#.#.###.#
#.#####.#.....#.# ...... #@#
#.#.#...#.## ...... #@#
#.#.#...#... ......# ##S#
#.###.###### ..+.... #..#
#.......†...
.......########.##
#.###.######
.#........(.....# #.....#
.......##.......# #.##### .
#...>.....## #.#
#.....###.....# #.##########


You could see Terence (strong) and an adder.

Vanquished Creatures
  2 bullfrogs (Sewer)
  5 adders
  2 river rats (D:2)
  A worm (D:2)
  2 dart slugs
  14 ball pythons
  5 bats
  9 endoplasms
  8 giant cockroaches
  2 hobgoblins
  A kobold (D:1)
  5 quokkas
  9 frilled lizards
  5 rats
70 creatures vanquished.

Notes
Turn   | Place    | Note
-------+----------+-------------------------------------------
     0 | D:1      | billz999 the Gargoyle Earth Elementalist began the quest
                  | for the Orb.
     0 | D:1      | Reached XP level 1. HP: 10/10 MP: 3/3
   210 | D:1      | Reached skill level 4 in Earth Magic
   210 | D:1      | Reached XP level 2. HP: 8/15 MP: 1/5
   640 | D:1      | You fall into a shaft and drop 1 floor!
   682 | D:2      | Found a blossoming altar of Fedhas.
   699 | D:2      | Reached XP level 3. HP: 19/19 MP: 4/6
  1048 | D:2      | Reached skill level 5 in Earth Magic
  1162 | D:2      | Learned a level 3 spell: Stone Arrow
  1253 | D:3      | Found a glowing drain.
  1260 | D:2      | Reached XP level 4. HP: 24/24 MP: 2/8
  1269 | D:2      | Gained mutation: You expend magic power (3 MP) to
                  | strengthen your wands. [potion of mutation]
  1269 | D:2      | Gained mutation: You occasionally shout uncontrollably at
                  | your foes. [potion of mutation]
  1269 | D:2      | Gained mutation: You are partially covered in large bone
                  | plates. (SH +4) [potion of mutation]
  1297 | Sewer    | Entered a sewer
  1778 | Sewer    | Reached XP level 5. HP: 28/28 MP: 6/9
  1783 | Sewer    | Reached skill level 1 in Conjurations
  1904 | Sewer    | Reached skill level 6 in Earth Magic
  2034 | Sewer    | Reached XP level 6. HP: 28/32 MP: 7/10
  2273 | D:3      | Noticed Terence
  2290 | D:3      | HP: 1/32 [Terence/+2 vorpal falchion (1)]
  2294 | D:3      | Mangled by Terence

Illustrated notes

Levels and vault maps discovered:
D:1:      dpeg_arrival_round_a, layout_basic, serial_shops, shop_statue
D:2:      layout_rooms, basic_altar
D:3:      layout_basic, fedhas_ov_isle_minmay, jmf_multi_god_temple,
          hellmonk_ecumenical_altar_blasted, portal_sewer_entry_b, uniq_ijyb,
          uniq_terence

Skill      XL: |  1  2  3  4  5 |
---------------+----------------+-----
Earth Magic    | 4 5 6 |  6.5
Conjurations   | 2 |  2.6
Spellcasting   | 3 |  3.3
Dodging        | |  1.5
Stealth        | |  2.1
Transmutations | |  0.8

Action                   |  1- 3 |  4- 6 || total
-------------------------+-------+-------++-------
Melee: Unarmed           |     2 |    21 ||    23
 Cast: Sandblast         |    36 |    72 ||   108
  Use: Potion            |       |     7 ||     7
       Scroll            |       |     1 ||     1
 Stab: Sleeping          |     1 |       ||     1
Armor: Robe              |     3 |    30 ||    33
Dodge: Dodged            |     6 |    56 ||    62
Block: Other             |       |    11 ||    11

Table legend: (Time is in decaauts)
 A = Elapsed time spent in this place.
 B = Non-inter-level travel time spent in this place.
 C = Inter-level travel time spent in this place.
 D = Time resting spent in this place.
 E = Time spent auto-exploring this place.
 F = Levels seen in this place.
 G = Mean time per level.
                   A        B        C        D        E       F      G
               +--------+--------+--------+--------+--------+-----+--------+
         Total |   2410 |   2387 |     23 |    156 |   1804 |   4 |  602.5 |
       Dungeon |   1521 |   1498 |     23 |      0 |   1273 |   3 |  507.0 |
         Sewer |    889 |    889 |      0 |    156 |    531 |   1 |  889.0 |
               +--------+--------+--------+--------+--------+-----+--------+

Top non-repeatable levels by time:
   Sewer: 889 daAuts
     D:2: 651 daAuts
     D:1: 645 daAuts
     D:3: 224 daAuts
